 Dungeon Crawl Stone Soup version 0.26-a0-649-gf8c6c3aab7 (webtiles) character file.

Game seed: 15800111206188014851

446 smeego the Slasher (level 7, -1/47 HPs)
             Began as an Octopode Fighter on Sept 27, 2020.
             Slain by Prince Ribbit (2 damage)
             ... on level 6 of the Dungeon.
             The game lasted 00:04:26 (4691 turns).

smeego the Slasher (Octopode Fighter)               Turns: 4691, Time: 00:04:27

Health: -1/47      AC:  1    Str: 16 (17) XL:     7   Next: 3%
Magic:  7/7        EV: 12    Int: 11      God:
Gold:   251        SH: 10    Dex: 11      Spells: 6/6 levels left

rFire    . . .     SeeInvis .   a - +1 long sword
rCold    . . .     Faith    .   b - +1 kite shield
rNeg     . . .     Spirit   .   (helmet restricted)
rPois    .         Reflect  .   (no amulet)
rElec    .         Harm     .   (no ring)
rCorr    .         Rampage  .   (no ring)
MR       .....                  (no ring)
Stlth    +++.......             (no ring)
HPRegen  0.15/turn              (no ring)
MPRegen  0.10/turn              (no ring)
                                (no ring)
                                (no ring)

@: no status effects
A: almost no armour, stealthy swim, amphibious, 8 rings, constrict 8, camouflage
1, gelatinous body 1
a: no special abilities


You were on level 6 of the Dungeon.
You visited 2 branches of the dungeon, and saw 7 of its levels.

You collected 251 gold pieces.

Inventory:

Hand Weapons
 a - a +1 long sword (weapon)
 l - a +4 short sword
Missiles
 e - 27 sling bullets
Armour
 b - a +1 kite shield (worn)
Jewellery
 r - an uncursed amulet of guardian spirit
Wands
 g - a wand of enslavement (3)
 h - a wand of acid (5)
Scrolls
 i - a scroll of magic mapping
 j - 2 scrolls of remove curse
 n - 2 scrolls of identify
 p - a scroll of amnesia
 q - a scroll of enchant weapon
Potions
 c - 2 potions of might
 d - 2 potions of degeneration
 f - 2 potions of brilliance
 k - a potion of ambrosia
 o - a potion of curing


   Skills:
 + Level 3.8 Fighting
 * Level 4.1 Long Blades
 + Level 2.2 Throwing
 + Level 3.8 Dodging
 + Level 2.8 Stealth
 + Level 3.9 Shields
 + Level 2.0 Unarmed Combat
 + Level 0.3 Evocations


You had 6 spell levels left.
You didn't know any spells.
Your spell library was empty.

Dungeon Overview and Level Annotations

Branches:
Dungeon (6/15)             Temple (1/1) D:4

Altars:
Ashenzari
Cheibriados
Elyvilon
Fedhas
Hepliaklqana
Kikubaaqudgha
Makhleb
Nemelex Xobeh
Okawaru
Qazlal
Ru
Sif Muna
Trog
Vehumet
Wu Jian
Xom
Yredelemnul
The Shining One

Annotations:
D:5 1 transporter
D:6 Prince Ribbit


Innate Abilities, Weirdness & Mutations

You cannot wear most types of armour.
You are very stealthy in the water. (Stealth+)
You are amphibious.
You can wear up to eight rings at the same time.
You can use your tentacles to constrict eight enemies at once.
Your skin changes colour to match your surroundings (Stealth+).
Your rubbery body absorbs attacks. (AC +1, EV +1)


Message History

The floor.
You feel much better. Prince Ribbit hits you!
Evoke which item? (* to show all) (? for menu, Esc to quit)
Aiming: Corrosive Bolt
Press: ? - help, Shift-Dir - straight line, f/p - Prince Ribbit
Aim: Prince Ribbit The bolt of acid hits Prince Ribbit!
Prince Ribbit is splashed with acid.
Prince Ribbit is heavily wounded.
Prince Ribbit hits you!
* * * LOW HITPOINT WARNING * * *
Unknown command.
You closely miss Prince Ribbit. Your grab misses Prince Ribbit.
Your squeeze misses Prince Ribbit.
Prince Ribbit is heavily wounded.
You block Prince Ribbit's attack. Prince Ribbit hits you!
* * * LOW HITPOINT WARNING * * *
You hit Prince Ribbit. Your grab misses Prince Ribbit.
Prince Ribbit is heavily wounded.
You block Prince Ribbit's attack. Prince Ribbit hits you.
You die...

......#
#.....#
##.....#
......#
#.....#
#.....#
...##...(.##
.......@...#
.......F.(.+
..###...####
#...# .....
......
#......
#.......


You could see Prince Ribbit.

Vanquished Creatures
  An orc warrior (D:3)
  A water moccasin zombie (D:5)
  A howler monkey (D:4)
  A hound (D:4)
  A worker ant (D:4)
  10 adders
  3 oozes
  3 worms (D:2)
  3 leopard geckos
  8 orcs
  4 giant cockroaches
  11 hobgoblins
  3 jackals (D:2)
  3 quokkas
  3 ball pythons
  6 bats
  4 frilled lizards
  13 goblins
  6 kobolds
  10 rats
95 creatures vanquished.

Notes
Turn   | Place    | Note
-------+----------+-------------------------------------------
     0 | D:1      | smeego the Octopode Fighter began the quest for the Orb.
     0 | D:1      | Reached XP level 1. HP: 16/16 MP: 1/1
   225 | D:1      | Reached XP level 2. HP: 21/21 MP: 2/2
   589 | D:1      | Reached skill level 1 in Stealth
   589 | D:1      | Reached XP level 3. HP: 26/26 MP: 3/3
  1132 | D:2      | Noticed a moth of wrath
  1135 | D:2      | Reached skill level 1 in Unarmed Combat
  1135 | D:2      | Reached XP level 4. HP: 25/31 MP: 4/4
  1188 | D:2      | Found a bloodstained altar of Trog.
  1224 | D:2      | Reached skill level 1 in Throwing
  1559 | D:2      | Reached skill level 3 in Long Blades
  1777 | D:2      | Reached XP level 5. HP: 19/36 MP: 5/5
  2267 | D:3      | Found a sacrificial altar of Ru.
  2272 | D:3      | Noticed an orc warrior
  2495 | D:3      | Found a faded altar of an unknown god.
  2608 | D:3      | Killed an orc warrior
  2608 | D:3      | Reached XP level 6. HP: 7/42 MP: 6/6
  3375 | D:3      | Found a snail-covered altar of Cheibriados.
  4425 | D:4      | Found a staircase to the Ecumenical Temple.
  4437 | Temple   | Entered the Ecumenical Temple
  4537 | D:5      | Entered Level 5 of the Dungeon
  4554 | D:5      | Found a transporter.
  4564 | D:5      | Reached skill level 4 in Long Blades
  4564 | D:5      | Reached XP level 7. HP: 47/47 MP: 7/7
  4676 | D:5      | Noticed Prince Ribbit
  4690 | D:6      | HP: 1/47 [Prince Ribbit (7)]
  4691 | D:6      | Slain by Prince Ribbit

Illustrated notes

Levels and vault maps discovered:
D:1:      evilmike_arrival_plus, layout_loops_cross, columned_hall_lemuel,
          grunt_decor_one_mirror, minivault_23, st_stairs_9,
          nrook_mini_backslash
D:2:      layout_loops_ring, tgw_trog, st_stairs_12
D:3:      layout_loops_ring, nicolae_ru_sacrificial_ziggurat,
          nicolae_overflow_crystal_walls, chequers_ecumenical_altar_simple,
          st_stairs_13
D:4:      layout_cave_pools, minmay_temple_entry_nine_rooms, minivault_19
D:5:      gammafunk_wand_slinger, layout_rooms, serial_corexii_hall,
          chequers_hall_statues_y, chequers_hall_statues_wall_a,
          chequers_hall_statues_corner_a, gup_sewer_entry_spiral,
          ebering_ghost_disaster_area, uniq_prince_ribbit1
D:6:      layout_gridville, grunt_dithmenos_shadows
Temple:   eino_wide_crystal_templ

Skill      XL: |  1  2  3  4  5  6 |
---------------+-------------------+-----
Stealth        | 1 2 |  2.8
Unarmed Combat | 1 2 |  2.0
Throwing       | 1 2 |  2.2
Long Blades    | 3 4 |  4.1
Fighting       | |  3.8
Dodging        | |  3.8
Shields        | |  3.9
Evocations     | |  0.3

Action                   |  1- 3 |  4- 6 |  7- 9 || total
-------------------------+-------+-------+-------++-------
Melee: Long sword        |    49 |   134 |     7 ||   190
       Constrict         |    12 |    34 |     2 ||    48
       Tentacles         |    11 |    21 |       ||    32
       Punch             |       |     1 |       ||     1
Evoke: Wand              |       |       |     2 ||     2
  Use: Potion            |       |     7 |     1 ||     8
       Scroll            |       |     9 |     1 ||    10
 Stab: Sleeping          |     6 |     9 |       ||    15
Armor: Skin              |     5 |     9 |       ||    14
Dodge: Dodged            |    15 |    64 |     6 ||    85
Block: Kite shield       |    14 |    64 |     3 ||    81
       Rpst.: Long sword |     4 |    20 |       ||    24

Table legend: (Time is in decaauts)
 A = Elapsed time spent in this place.
 B = Non-inter-level travel time spent in this place.
 C = Inter-level travel time spent in this place.
 D = Time resting spent in this place.
 E = Time spent auto-exploring this place.
 F = Levels seen in this place.
 G = Mean time per level.
                   A        B        C        D        E       F      G
               +--------+--------+--------+--------+--------+-----+--------+
         Total |   4750 |   4560 |    190 |   1316 |   2606 |   7 |  678.6 |
       Dungeon |   4700 |   4519 |    181 |   1316 |   2566 |   6 |  783.3 |
        Temple |     49 |     40 |      9 |      0 |     40 |   1 |   49.0 |
               +--------+--------+--------+--------+--------+-----+--------+

Top non-repeatable levels by time:
     D:2: 1631 daAuts
     D:3: 1257 daAuts
     D:4: 978 daAuts
     D:1: 678 daAuts
     D:5: 150 daAuts
  Temple: 49 daAuts
     D:6: 5 daAuts
